 Dungeon Crawl Stone Soup version 0.16.1-2-g95b8d4c (webtiles) character file.

4336 karlm the Spear-Bearer (level 10, -2/64 HPs)
             Began as a Gargoyle Fighter on Mar 25, 2015.
             Was a Believer of Okawaru.
             Killed from afar by Harold (31 damage)
             ... with a bolt of fire
             ... on level 10 of the Dungeon.
             The game lasted 00:26:46 (10503 turns).

karlm the Spear-Bearer (Gargoyle Fighter)          Turns: 10503, Time: 00:26:46

Health: -2/64      AC: 25    Str: 23    XL:     10   Next: 33%
Magic:  10/12      EV:  8    Int:  9    God:    Okawaru [**....]
Gold:   360        SH: 12    Dex:  9    Spells: 0 memorised, 9 levels left

rFire  . . .     SeeInvis +     a - +0 trident
rCold  . . .     Clarity  .     x - +0 plate armour
rNeg   + . .     SustAb   .     c - +0 shield
rPois  ∞         Gourm    .     (no helmet)
rElec  +         Spirit   .     U - +1 cloak
rCorr  .         Warding  .     (no gloves)
rMut   .         Stasis   .     L - +0 pair of boots
MR     .....                    (no amulet)
Stlth  ..........               O - ring of see invisible
                                k - ring of stealth

@: heroism, not resistant to hostile enchantments, extremely unstealthy
A: negative energy resistance 1, electricity resistance, unbreathing,
petrification resistance, rot immunity, AC +7
a: Heroism, Renounce Religion


You were on level 10 of the Dungeon.
You worshipped Okawaru.
Okawaru was pleased with you.
You were not hungry.

You visited 2 branches of the dungeon, and saw 11 of its levels.

You collected 561 gold pieces.
You spent 201 gold pieces at shops.

Inventory:

Hand weapons
 a - a +0 trident (weapon)
Missiles
 f - 277 stones (quivered)
 g - 15 tomahawks
 w - 15 javelins
Armour
 c - a +0 shield (worn)
 x - a +0 plate armour (worn)
 L - a +0 pair of boots (worn)
 U - a +1 cloak (worn)
Jewellery
 k - a ring of stealth (left hand)
 u - an uncursed ring of teleportation
 v - a cursed +3 ring of dexterity
 O - a ring of see invisible (right hand)
Magical devices
 b - a wand of teleportation (4)
 I - a wand of cold (5)
 Q - a wand of teleportation (2)
Scrolls
 e - 3 scrolls of enchant weapon
 h - 5 scrolls of remove curse
 j - 4 scrolls of noise {unknown}
 l - 5 scrolls of random uselessness {unknown}
 o - 6 scrolls of teleportation
 t - 2 scrolls of enchant armour {unknown}
 y - 2 scrolls of fog {unknown}
 A - 2 scrolls of recharging {unknown}
 G - 2 scrolls of magic mapping
 H - 2 scrolls of immolation
 R - a scroll of fear {unknown}
 T - a scroll of silence {unknown}
Potions
 n - 2 potions of agility
 p - a potion of invisibility
 q - a potion of flight
 B - a potion of brilliance
 C - a potion of resistance
 D - 3 potions of mutation
 E - 2 potions of curing
 F - 2 potions of might
Books
 J - a book of Frost

   Spells                             Type                      Level
   a - Freeze                         Ice                          1
   b - Throw Frost                    Conjuration/Ice              2
   c - Ozocubu's Armour               Charms/Ice                   3
   d - Throw Icicle                   Conjuration/Ice              4
   e - Summon Ice Beast               Ice/Summoning                4
   f - Condensation Shield            Ice                          4
 M - a book of Death

   Spells                             Type                      Level
   a - Corpse Rot                     Necromancy                   2
   b - Sublimation of Blood           Necromancy                   2
   c - Agony                          Necromancy                   5
   d - Dispel Undead                  Necromancy                   5
   e - Excruciating Wounds            Charms/Necromancy            5
   f - Bolt of Draining               Conjuration/Necromancy       5
 N - a book of Cantrips

   Spells                             Type                      Level
   a - Corona                         Hexes                        1
   b - Animate Skeleton               Necromancy                   1
   c - Summon Small Mammal            Summoning                    1
   d - Apportation                    Translocation                1
 S - a book of Minor Magic

   Spells                             Type                      Level
   a - Magic Dart                     Conjuration                  1
   b - Blink                          Translocation                2
   c - Call Imp                       Summoning                    2
   d - Repel Missiles                 Charms/Air                   2
   e - Slow                           Hexes                        2
   f - Conjure Flame                  Conjuration/Fire             3
   g - Mephitic Cloud                 Conjuration/Poison/Air       3
Comestibles
 d - 4 bread rations
 i - 3 meat rations
 m - a beef jerky
 K - a chunk of flesh


   Skills:
 * Level 8.0(13.0) Fighting
 * Level 10.2(15.2) Polearms
 + Level 5.8(10.8) Armour
 - Level 2.0(7.0) Stealth
 + Level 6.4(11.4) Shields
 + Level 1.3 Invocations
 + Level 0.6 Evocations


You had 9 spell levels left.
You didn't know any spells.

Dungeon Overview and Level Annotations

Branches:
Dungeon (10/15)            Temple (1/1) D:7             Orc (0/4) D:10
   Lair: D:8-11

Altars:
Ashenzari
Dithmenos
Elyvilon
Fedhas
Gozag
Kikubaaqudgha
Makhleb
Nemelex Xobeh
Okawaru
Qazlal
Ru
Trog
Vehumet
Xom
Yredelemnul
Zin
The Shining One

Shops:
D:6 (}:*?

Annotations:
D:2 exclusion: oklob plant
D:3 karlm's ghost, average GrFi
D:10 Harold


Innate Abilities, Weirdness & Mutations

You are resistant to torment.
You are immune to poison.
Your stone body is very resilient (AC +7).
You resist negative energy.
You are resistant to electric shocks.
You can survive without breathing.
You are immune to petrification.
You are immune to rotting.


Message History

You hit Harold but do no damage.
Harold is moderately wounded.
You hit Harold.
Harold is moderately wounded.
You block Harold's attack.
You hit Harold!
Harold is heavily wounded.
You barely miss Harold.
Harold is heavily wounded.
Your plate armour prevents you from hitting Harold.
Harold is heavily wounded.
Harold asks, "Do you mind if I name my boat the 'karlm'?
Your head will be paying for it, after all."
Harold hits you with a halberd.
You hit Harold.
Harold is heavily wounded.
You hit Harold!
Harold is severely wounded.
Harold gestures at you while chanting. The bolt of fire hits you!
You die...

#..#...... #..#.#####
####...... ##+### ##.....
..... #..... ...# #....#
...# #####....#
#######...####........#
#.....@@..#...........#
##+#.###.#...#.#.........#
.........#####............
###...........######......
......###..#.+ #.#..#.
###..........# #......
#.......#### ........
#..#..#.# ....#...
#.......# ........


You could see Harold.

Vanquished Creatures
  The ghost of karlm the Firebug, an experienced NaWz (D:4)
  A troll (D:9)
  Eustachio (D:5)
  A wyvern (D:7)
  A hungry ghost (D:7)
  Edmund (D:4)
  2 ice beasts
  5 orc warriors
  2 ogres
  6 centaurs
  A big kobold (D:8)
  3 giant frogs
  3 scorpions
  A wyvern skeleton (D:7)
  4 killer bees
  A goliath beetle (D:10)
  3 crimson imps
  6 hounds
  A jelly (D:10)
  A gnoll shaman (D:8)
  A giant frog skeleton (D:9)
  9 orc wizards
  3 orc priests
  4 iguanas
  11 worker ants
  A killer bee zombie (D:5)
  A hound skeleton (D:5)
  A mummy (D:9)
  8 adders
  5 gnolls (D:7)
  3 shadow imps
  A giant mite (D:2)
  5 worms
  3 adder skeletons
  An ooze (D:1)
  39 orcs
  14 bats
  A bat skeleton (D:8)
  6 giant cockroaches
  15 hobgoblins
  2 quokkas
  2 ball pythons
  A giant cockroach zombie (D:6)
  9 giant geckos
  2 giant newts (D:1)
  A giant spore (D:8)
  17 goblins
  5 jackals
  15 kobolds
  2 quokka skeletons
  A quokka zombie (D:5)
  8 rats
  11 ballistomycetes
  A plant (D:4)
254 creatures vanquished.

Vanquished Creatures (others)
  A giant spore (D:9)
  15 toadstools (D:2)
16 creatures vanquished.

Grand Total: 270 creatures vanquished

Notes
Turn   | Place    | Note
--------------------------------------------------------------
     0 | D:1      | karlm, the Gargoyle Fighter, began the quest for the Orb.
     0 | D:1      | Reached XP level 1. HP: 14/14 MP: 1/1
   172 | D:1      | Reached skill level 1 in Stealth
   251 | D:1      | Reached XP level 2. HP: 19/19 MP: 2/2
   715 | D:1      | Reached XP level 3. HP: 23/23 MP: 3/3
  1025 | D:2      | Found a glowing golden altar of the Shining One.
  1212 | D:2      | Found a blossoming altar of Fedhas.
  1224 | D:2      | Noticed an oklob plant
  1740 | D:3      | Reached XP level 4. HP: 28/28 MP: 4/4
  2063 | D:3      | Noticed karlm's ghost (average GrFi)
  2144 | D:3      | Reached skill level 4 in Polearms
  2174 | D:3      | Reached XP level 5. HP: 27/32 MP: 5/5
  2319 | D:4      | Noticed a centaur
  2604 | D:4      | Reached skill level 5 in Polearms
  2622 | D:4      | Reached XP level 6. HP: 35/37 MP: 6/6
  2836 | D:4      | Noticed Edmund
  2849 | D:4      | Killed Edmund
  2849 | D:4      | Reached skill level 6 in Polearms
  2995 | D:4      | Killed a centaur
  2995 | D:4      | Reached XP level 7. HP: 36/41 MP: 7/7
  3277 | D:4      | Reached skill level 7 in Polearms
  3449 | D:4      | Noticed karlm's ghost (experienced NaWz)
  3532 | D:4      | Killed karlm's ghost
  3532 | D:4      | Reached skill level 8 in Polearms
  3532 | D:4      | Reached XP level 8. HP: 41/46 MP: 8/8
  3813 | D:5      | Entered Level 5 of the Dungeon
  3859 | D:5      | Found a white marble altar of Elyvilon.
  4621 | D:5      | Noticed Eustachio
  4649 | D:5      | Killed Eustachio
  4952 | D:6      | Found Threfoer's Gadget Boutique.
  5017 | D:6      | Found Pleuqaut's Antique Weapon Shop.
  5106 | D:6      | Found Pircher's Book Shoppe.
  5363 | D:6      | Reached skill level 5 in Fighting
  5363 | D:6      | Reached skill level 9 in Polearms
  5363 | D:6      | Reached XP level 9. HP: 52/54 MP: 9/9
  5511 | D:6      | Found Breyton's Magic Scroll Boutique.
  5524 | D:6      | Bought a scroll of identify for 26 gold pieces
  5524 | D:6      | Bought a scroll of magic mapping for 45 gold pieces
  5524 | D:6      | Bought 2 scrolls of immolation for 91 gold pieces
  5524 | D:6      | Bought a scroll of teleportation for 39 gold pieces
  5588 | D:6      | Found Iggi's Assorted Antiques.
  6219 | D:7      | Found a staircase to the Ecumenical Temple.
  6277 | Temple   | Entered the Ecumenical Temple
  6283 | Temple   | Became a worshipper of Warmaster Okawaru
  7036 | D:7      | Reached skill level 5 in Shields
  7186 | D:7      | Found a shadowy altar of Dithmenos.
  7946 | D:7      | Acquired Okawaru's first power
  8083 | D:8      | Reached skill level 5 in Armour
  8164 | D:8      | Found a blossoming altar of Fedhas.
  9243 | D:9      | Reached skill level 10 in Polearms
  9243 | D:9      | Reached XP level 10. HP: 26/63 MP: 7/10
  9932 | D:10     | Entered Level 10 of the Dungeon
 10231 | D:10     | Found a staircase to the Orcish Mines.
 10293 | D:10     | Reached skill level 1 in Invocations
 10488 | D:10     | Noticed Harold
 10503 | D:10     | Killed from afar by Harold

Action                   |  1- 3 |  4- 6 |  7- 9 | 10-12 || total
-------------------------+-------+-------+-------+-------++-------
Melee: Trident           |   133 |   251 |   813 |   254 ||  1451
Throw: Stone             |       |       |     5 |       ||     5
Invok: Heroism           |       |       |     1 |     1 ||     2
  Use: Scroll            |       |     1 |       |    10 ||    11
       Potion            |       |     1 |       |       ||     1
 Stab: Sleeping          |     1 |     1 |     8 |       ||    10
  Eat: Chunk             |     2 |     5 |    19 |     5 ||    31
       Fruit             |       |       |     1 |       ||     1
       Beef jerky        |       |       |     1 |       ||     1
